 Dungeon Crawl Stone Soup version 0.21.1 (webtiles) character file.

112 shakethe the Slasher (level 4, 0/35 HPs)
             Began as a Demonspawn Abyssal Knight on Feb 3, 2018.
             Was a Believer of Lugonu.
             Slain by an orc wizard
             ... wielding a +0 dagger
              (3 damage)
             ... on level 3 of the Dungeon.
             The game lasted 00:19:27 (2793 turns).

shakethe the Slasher (Demonspawn Abyssal Knight)    Turns: 2793, Time: 00:19:28

Health: 0/35       AC:  6    Str: 13    XL:     4   Next: 64%
Magic:  6/6        EV: 10    Int: 14    God:    Lugonu [**....]
Gold:   122        SH:  0    Dex: 12    Spells: 3/3 levels left

rFire    . . .     SeeInvis .   a - +2 falchion
rCold    + . .     Gourm    .   (no shield)
rNeg     . . .     Faith    .   i - +1 ring mail
rPois    .         Spirit   .   (no helmet)
rElec    .         Reflect  .   (no cloak)
rCorr    .         Harm     .   (no gloves)
MR       .....                  (no boots)
Stlth    +.........             (no amulet)
HPRegen  0.11/turn              (no ring)
MPRegen  0.10/turn              (no ring)

@: no status effects
A: cold resistance 1, foul stench 1, wild magic 1, rot immunity
a: Depart the Abyss, Bend Space, Renounce Religion


You were on level 3 of the Dungeon.
You worshipped Lugonu.
Lugonu was pleased with you.
You were not hungry.

You visited 1 branch of the dungeon, and saw 3 of its levels.
You visited the Abyss 1 time.

You collected 122 gold pieces.

Inventory:

Hand Weapons
 a - a +2 falchion (weapon)
 f - a +0 club
 k - a +0 club
 l - a +0 dagger
 m - a +0 whip
 o - a +0 hunting sling
 p - a +0 club
 q - a +0 dagger
 r - a +0 dagger
 s - a +0 hand axe
 t - a cursed -1 club
 u - a +0 dagger
 w - a +0 club
 x - a +0 club
 B - a +0 short sword
 C - a +0 club
 D - a +0 hand axe
 E - a +0 dagger
 F - a +0 mace
 G - a +2 war axe of chopping
 L - a cursed -1 trident
 N - a +0 hand axe
 R - a +0 dagger
 S - a +0 dagger
 T - a +0 flail
Missiles
 e - 99 stones
 g - 12 tomahawks (quivered)
 j - 41 arrows
 v - 21 sling bullets
 y - 25 bolts
Armour
 b - a +0 leather armour
 d - a +0 robe
 h - a +0 robe
 i - a +1 ring mail (worn)
 H - a +0 chain mail
 I - a cursed +0 leather armour
 J - a +0 ring mail
 M - a +0 ring mail
 O - a +0 leather armour
Scrolls
 z - 2 scrolls of identify
 K - a scroll of remove curse
 P - a scroll of immolation {unknown}
Potions
 A - 2 potions of haste {unknown}
 Q - a potion of berserk rage {unknown}
Comestibles
 c - 7 rations


   Skills:
 - Level 3.0 Fighting
 * Level 4.0 Long Blades
 + Level 0.3 Throwing
 - Level 1.7 Armour
 - Level 0.8 Dodging
 + Level 0.2 Stealth
 * Level 3.4 Invocations


You had 3 spell levels left.
You didn't know any spells.

Dungeon Overview and Level Annotations

Branches:
Dungeon (3/15)

Altars:


Innate Abilities, Weirdness & Mutations

You may emit foul miasma when damaged in melee.
You are immune to rotting.
Your flesh is cold resistant. (rC+)
Your spells are a little harder to cast, but a little more powerful.


Message History

The orc wizard casts a spell at you. The magic dart hits you!
* * * LOW HITPOINT WARNING * * *
The orc wizard hits you but does no damage.
You hit the orc wizard but do no damage.
The orc wizard is heavily wounded.
The adder barely misses you.
The orc wizard mumbles some strange words.
The orc wizard flickers and vanishes!
Deactivating autopickup; reactivate with Ctrl-A.
The adder bites you but does no damage. Something hits you but does no damage.
The adder completely misses you.
You riposte.
You hit the adder.
The adder is moderately wounded.
You closely miss the adder.
The adder is moderately wounded.
The adder bites you.
* * * LOW HITPOINT WARNING * * *
Something hits you.
You die...

.............. ........g...
####........# ###.........#
#...........# #...........#
#..........##### #...........#
##..............#.#...........#
#....#.###......#.#.....g.....# #
#...##..##......#.#......##...<
#.#.......<#......#.#............
#..........#....@.#.#######......
#........#.#....S.#..... .#......
#........#.#####..#######.#......
##...#...#..# #........#.#.##...
#...#...##.####.<......#.#......
#.#.#...# ..#............#......
.....#.#..
..#.....#รท....##...... .. .
#.#.......#...#.....##...... .
#.#.....#.###.#......).##...


You could see an adder.

Vanquished Creatures
  An adder (D:2)
  3 oozes (D:1)
  3 worms (D:2)
  2 dart slugs
  2 leopard geckos
  8 orcs (D:3)
  A giant cockroach (D:1)
  9 goblins
  3 hobgoblins
  3 jackals (D:3)
  3 quokkas (D:2)
  11 bats
  3 frilled lizards
  7 kobolds
  7 rats
66 creatures vanquished.

Notes
Turn   | Place    | Note
-------+----------+-------------------------------------------
     0 | Abyss:1  | shakethe the Demonspawn Abyssal Knight began the quest for the Orb.
     0 | Abyss:1  | Reached XP level 1. HP: 18/18 MP: 2/2
     0 | D:1      | Escaped the Abyss
   123 | D:1      | Reached skill level 2 in Long Blades
   369 | D:1      | Gained mutation: You are immune to rotting. [demonic ancestry]
   369 | D:1      | Reached XP level 2. HP: 20/24 MP: 4/4
   510 | D:1      | Reached * piety under Lugonu
   804 | D:1      | Gained mutation: You may emit foul miasma when damaged in melee. [demonic ancestry]
   804 | D:1      | Reached XP level 3. HP: 29/29 MP: 5/5
  1059 | D:2      | Reached skill level 3 in Long Blades
  1091 | D:2      | Gained mutation: Your flesh is cold resistant. (rC+) [potion of mutation]
  1091 | D:2      | Gained mutation: Your spells are a little harder to cast, but a little more powerful. [potion of mutation]
  1775 | D:2      | Reached XP level 4. HP: 35/35 MP: 6/6
  2085 | D:2      | Reached ** piety under Lugonu
  2754 | D:3      | Reached skill level 4 in Long Blades
  2793 | D:3      | Slain by an orc wizard

Skill      XL: |  1  2  3  4 |
---------------+-------------+-----
Long Blades    | 2 3 4 |  4.0
Invocations    | 3 |  3.4
Fighting       | |  3.0
Throwing       | |  0.3
Armour         | |  1.7
Dodging        | |  0.8
Stealth        | |  0.2

Action                   |  1- 3 |  4- 6 || total
-------------------------+-------+-------++-------
Melee: Falchion          |    84 |   115 ||   199
Throw: Stone             |     5 |       ||     5
       Tomahawk          |     1 |     4 ||     5
Invok: Depart the Abyss  |     1 |       ||     1
  Use: Potion            |     3 |     3 ||     6
       Scroll            |     2 |     2 ||     4
 Stab: Sleeping          |     1 |       ||     1
  Eat: Chunk             |     3 |     3 ||     6
Armor: Leather armour    |    17 |       ||    17
       Ring mail         |     7 |    64 ||    71
Dodge: Dodged            |    54 |    77 ||   131
       Rpst.: Falchion   |    15 |    19 ||    34
